 Dungeon Crawl Stone Soup version 0.26-a0-20-g5f92b90fa0 (webtiles) character file.

Game seed: 2486501187158169429, levelgen mode: deterministic

666 Aviak the Firebug (level 7, -4/50 HPs)
             Began as a Demonspawn Fire Elementalist on May 25, 2020.
             Slain by Pikel
             ... wielding a +0 whip of electrocution
              (16 damage)
             ... on level 5 of the Dungeon.
             The game lasted 00:07:30 (4992 turns).

Aviak the Firebug (Demonspawn Fire Elementalist)    Turns: 4992, Time: 00:07:30

Health: -4/50      AC:  5    Str: 14    XL:     7   Next: 31%
Magic:  2/11       EV: 13    Int: 19    God:
Gold:   232        SH:  0    Dex: 13    Spells: 4/12 levels left

rFire    . . .     SeeInvis .   y - +1 mace (vorpal)
rCold    . . .     Gourm    .   (no shield)
rNeg     . . .     Faith    .   v - +2 robe {MR+}
rPois    .         Spirit   .   (no helmet)
rElec    .         Reflect  .   w - +0 cloak
rCorr    .         Harm     .   (no gloves)
MR       +....                  (no boots)
Stlth    ++........             (no amulet)
HPRegen  0.16/turn              x - ring of wizardry
MPRegen  0.12/turn              z - +6 ring of strength

@: no status effects
A: claws 2, spiny 2
a: no special abilities


You were on level 5 of the Dungeon.
You were not hungry.

You visited 1 branch of the dungeon, and saw 5 of its levels.

You collected 232 gold pieces.

Inventory:

Hand Weapons
 i - a +0 short sword
 y - a +1 vorpal mace (weapon)
Armour
 a - a +0 robe
 k - a +1 ring mail of cold resistance
 v - a +2 robe of magic resistance (worn)
 w - a +0 cloak (worn)
Jewellery
 x - a ring of wizardry (left claw)
 z - a +6 ring of strength (right claw)
Wands
 m - a wand of paralysis (4)
 D - a wand of clouds (7)
Scrolls
 b - a scroll of immolation {unknown}
 e - 2 scrolls of magic mapping {unknown}
 f - 7 scrolls of identify {unknown}
 h - 3 scrolls of remove curse {unknown}
 q - 4 scrolls of teleportation {unknown}
 s - a scroll of amnesia {unknown}
Potions
 c - 3 potions of curing
 g - a potion of lignification {unknown}
 j - a potion of stabbing {unknown}
 l - a potion of resistance {unknown}
 n - 2 potions of flight {unknown}
 o - a potion of magic {unknown}
 p - 2 potions of mutation {unknown}
 r - a potion of degeneration {unknown}
 t - 3 potions of heal wounds {unknown}
 u - a potion of cancellation {unknown}
 A - 3 potions of haste {unknown}
 C - a potion of berserk rage {unknown}
Comestibles
 d - 6 rations
 B - 2 chunks of flesh


   Skills:
 + Level 2.2 Fighting
 + Level 2.9 Dodging
 - Level 1.7 Stealth
 - Level 3.0 Spellcasting
 + Level 4.7 Conjurations
 + Level 5.0 Fire Magic


You had 4 spell levels left.
You knew the following spells:

 Your Spells              Type           Power        Failure   Level  Hunger
a - Foxfire               Conj/Fire      ###.         1%          1    None
b - Conjure Flame         Conj/Fire      ###.....     2%          3    ###....
c - Sticky Flame          Conj/Fire      ###.....     9%          4    ####...

Your spell library contained the following spells:

 Spells                   Type           Power        Failure   Level  Hunger
 Inner Flame              Hex/Fire       ##......     6%          3    ###....
 Fireball                 Conj/Fire      ###.......   22%         5    ######.


Dungeon Overview and Level Annotations

Branches:
Dungeon (5/15)
 Temple: D:4-7

Altars:
Hepliaklqana
Kikubaaqudgha
Qazlal
Ru
Trog
Wu Jian

Annotations:
D:5 Pikel


Innate Abilities, Weirdness & Mutations

You have very sharp fingernails.
You are mostly covered in sharp spines.


Message History

Aiming: Cloud Cone
Press: ? - help, Dir - move target cursor, f - Pikel
Aim: Pikel, wielding a +0 whip of electrocution and wearing a +0 robe (heavily wounded)
You create a blast of noxious fumes!
The slave is engulfed in noxious fumes.
The slave appears confused.
The slave is engulfed in noxious fumes. x2
The slave appears confused.
Pikel is engulfed in noxious fumes.
Pikel is struck by your spines. Pikel closely misses you.
You barely miss Pikel.
Pikel is heavily wounded.
The slave is engulfed in noxious fumes.
The slave appears confused.
The slave hits Pikel.
Pikel is engulfed in noxious fumes.
Pikel appears confused.
Pikel hits you but does no damage.
The slave is engulfed in noxious fumes.
The slave hits Pikel!
You hit Pikel but do no damage.
Pikel is almost dead.
Pikel is engulfed in noxious fumes.
Pikel appears confused.
Pikel hits you with a +0 whip of electrocution.
* * * LOW HITPOINT WARNING * * *
You are electrocuted!
You die...

.................
#.............##
#....p........#
#...######.#..#####
..>..........(....#
..#.....p#.#..###.# #
#........#p.#
#......###§§####.####
#........§§pK@.......
#........§§§#####.###
#......#.§..#
#......#.##.#
#......#.##.#
#.#..###.##.# #....
...#.# #### ####.#


You could see Pikel (confused) and 2 slaves.

Vanquished Creatures
  Sigmund (D:3)
  2 slaves (D:5)
  2 ogres (D:4)
  A scorpion (D:4)
  A howler monkey (D:4)
  Crazy Yiuf (D:3)
  A hound (D:4)
  An iguana (D:4)
  Robin (D:2)
  7 adders
  An adder skeleton (D:4)
  4 worms
  2 dart slugs
  4 leopard geckos
  2 ball pythons
  5 giant cockroaches
  13 goblins
  12 hobgoblins
  4 jackals
  6 bats
  3 frilled lizards
  9 kobolds
  6 rats
  A fungus (D:3)
90 creatures vanquished.

Vanquished Creatures (collateral kills)
  A rat (D:1)
1 creature vanquished.

Vanquished Creatures (others)
  303 foxfires
303 creatures vanquished.

Grand Total: 394 creatures vanquished

Notes
Turn   | Place    | Note
-------+----------+-------------------------------------------
     0 | D:1      | Aviak the Demonspawn Fire Elementalist began the quest for
                  | the Orb.
     0 | D:1      | Reached XP level 1. HP: 13/13 MP: 3/3
   447 | D:1      | Gained mutation: You have sharp fingernails. [demonic
                  | ancestry]
   447 | D:1      | Reached XP level 2. HP: 19/19 MP: 0/5
   758 | D:1      | Reached skill level 3 in Fire Magic
  1242 | D:2      | Reached XP level 3. HP: 14/24 MP: 4/6
  1997 | D:2      | Noticed Robin
  2025 | D:2      | Killed Robin
  2025 | D:2      | Gained mutation: You have very sharp fingernails. [demonic
                  | ancestry]
  2025 | D:2      | Reached XP level 4. HP: 7/30 MP: 1/8
  2598 | D:3      | Noticed Sigmund
  2617 | D:3      | Killed Sigmund
  2617 | D:3      | Reached skill level 4 in Fire Magic
  2617 | D:3      | Gained mutation: You are partially covered in sharp spines.
                  | [demonic ancestry]
  2617 | D:3      | Reached XP level 5. HP: 35/35 MP: 3/9
  3009 | D:3      | Learned a level 3 spell: Conjure Flame
  3014 | D:3      | Learned a level 4 spell: Sticky Flame
  3266 | D:3      | Gained mutation: You are mostly covered in sharp spines.
                  | [demonic ancestry]
  3266 | D:3      | Reached XP level 6. HP: 41/41 MP: 6/10
  3513 | D:3      | Found a runed translucent door.
  3514 | D:3      | Noticed Crazy Yiuf
  3521 | D:3      | Killed Crazy Yiuf
  3894 | D:4      | Reached skill level 1 in Fighting
  4279 | D:4      | Reached XP level 7. HP: 50/50 MP: 3/11
  4700 | D:4      | Found a stormy altar of Qazlal.
  4711 | D:4      | Found an ancient bone altar of Kikubaaqudgha.
  4712 | D:4      | Found a bloodstained altar of Trog.
  4713 | D:4      | Found a sacrificial altar of Ru.
  4715 | D:4      | Found an ornate altar of the Wu Jian Council.
  4716 | D:4      | Found a hazy altar of Hepliaklqana.
  4822 | D:4      | Reached skill level 5 in Fire Magic
  4949 | D:5      | Entered Level 5 of the Dungeon
  4956 | D:5      | Noticed Pikel
  4992 | D:5      | Slain by Pikel

Illustrated notes

Levels and vault maps discovered:
D:1:      ebering_trefoil_twist, layout_loops_ring
D:2:      layout_rooms, minmay_tetromino_t2, uniq_robin
D:3:      layout_rooms, uniq_crazy_yiuf_cottage, uniq_sigmund
D:4:      layout_gridville, minitemple, first_ration
D:5:      layout_basic, kennysheep_slug_shrine, uniq_pikel

Skill      XL: |  1  2  3  4  5  6  7 |
---------------+----------------------+-----
Fire Magic     | 3 4 5 |  5.0
Conjurations   | 2 3 4 |  4.7
Spellcasting   | 3 |  3.0
Dodging        | 2 |  2.9
Fighting       | 2 |  2.2
Stealth        | |  1.7

Action                   |  1- 3 |  4- 6 |  7- 9 || total
-------------------------+-------+-------+-------++-------
Melee: Unarmed           |    21 |       |       ||    21
       Short sword       |    44 |    32 |       ||    76
       Mace              |       |     4 |     8 ||    12
 Cast: Foxfire           |    53 |   115 |    34 ||   202
       Sticky Flame      |       |     2 |       ||     2
       Conjure Flame     |       |     1 |     1 ||     2
Evoke: Wand              |     3 |     4 |     1 ||     8
  Use: Potion            |       |     1 |       ||     1
 Stab: Paralysed         |     9 |     2 |       ||    11
       Sleeping          |       |     1 |       ||     1
  Eat: Chunk             |     4 |     8 |     2 ||    14
Armor: Robe              |    20 |       |     1 ||    21
Dodge: Dodged            |    80 |    13 |     5 ||    98

Table legend:
 A = Non-vault XP
 B = Vault XP
 C = Vault XP percentage of total XP
 D = Non-vault monster count
 E = Vault monster count
 F = Vault count percentage of total count
                 A         B        C        D         E       F
            +---------+---------+-------+---------+---------+-------
      Total |     667 |     285 |  29.9 |      74 |      14 |  15.9
            +---------+---------+-------+---------+---------+-------
        D:1 |      29 |       0 |   0.0 |      19 |       0 |   0.0
        D:2 |      54 |      36 |  40.0 |      22 |      12 |  35.3
        D:3 |      68 |     249 |  78.5 |      12 |       2 |  14.3
        D:4 |     516 |       0 |   0.0 |      21 |       0 |   0.0
            +---------+---------+-------+---------+---------+-------
